 Dungeon Crawl Stone Soup version 0.31-a0-971-g75a2e9a4b4 (webtiles) character file.

Game seed: 17365608409475184618

326 Moonkey the Conjurer (level 6, -2/35 HPs)
             Began as a Deep Elf Conjurer on Oct 29, 2023.
             Slain by Crazy Yiuf
             ... wielding a +4 quarterstaff of chaos
              (3 damage)
             ... on level 4 of the Dungeon.
             The game lasted 00:09:11 (3903 turns).

Moonkey the Conjurer (Deep Elf Conjurer)            Turns: 3903, Time: 00:09:11

Health: -2/35      AC:  3    Str:  4    XL:     6   Next: 24%
Magic:  11/15      EV: 13    Int: 25    God:
Gold:   152        SH:  0    Dex: 13    Spells: 7/14 levels left

rFire   + + .        (no weapon)
rCold   + . .        (no shield)
rNeg    . . .        a - +0 robe
rPois   +            l - +0 helmet
rElec   +            (no cloak)
rCorr   +            (no gloves)
SInv    .            (no boots)
Will    .....        q - amulet of regeneration
Stlth   ++           d - ring of protection from cold
HPRegen 1.05/turn    o - ring of fire
MPRegen 0.14/turn

%: no passive effects
@: mighty, lethally poisoned (-2 -> -4), resistant
A: no striking features
a: no special abilities


You were on level 4 of the Dungeon.
You visited 1 branch of the dungeon, and saw 4 of its levels.

You collected 152 gold pieces.

Inventory:

Armour
 a - a +0 robe (worn)
 l - a +0 helmet (worn)
Jewellery
 d - a ring of protection from cold (left hand)
 g - a +4 ring of protection
 o - a ring of fire (right hand)
 q - an amulet of regeneration (around neck)
Scrolls
 f - a scroll of blinking {unknown}
 h - a scroll of fog {unknown}
 i - 2 scrolls of noise {unknown}
 j - 2 scrolls of summoning {unknown}
 k - 3 scrolls of brand weapon {unknown}
 m - 2 scrolls of enchant weapon {unknown}
 p - 3 scrolls of identify {unknown}
Potions
 b - a potion of magic
 c - a potion of resistance
 e - a potion of attraction {unknown}
 n - a potion of curing {unknown}


   Skills:
 * Level 2.1 Fighting
 + Level 3.4 Dodging
 + Level 3.7 Stealth
 * Level 4.8 Spellcasting
 * Level 5.5 Conjurations
 + Level 1.0 Summonings
 + Level 1.5 Translocations


You had 7 spell levels left.
You knew the following spells:

 Your Spells              Type           Power      Damage    Failure   Level
a - Magic Dart            Conj           100%       1d8       1%          1
b - Searing Ray           Conj           66%        2d6       1%          2
c - Iskenderun's Mystic   Conj/Tloc      23%        2d6       21%         4

Your spell library contained the following spells:

 Spells                   Type           Power      Damage    Failure   Level
 Call Imp                 Summ           22%        N/A       9%          2
 Dazzling Flash           Conj/Hex       38%        N/A       9%          3
 Mephitic Cloud           Conj/Pois/Air  15%        N/A       12%         3
 Gell's Gravitas          Tloc           13%        N/A       14%         3
 Teleport Other           Tloc           13%        N/A       14%         3
 Fulminant Prism          Conj/Hex       9%         3d7       26%         4
 Dispersal                Tloc           6%         N/A       100%        6


Dungeon Overview and Level Annotations

Branches:
Dungeon (4/15)
 Temple: D:4-7

Altars:
Okawaru
Uskayaw
Yredelemnul

Annotations:
D:4 Crazy Yiuf


Message History

Confirm with . or Enter, or press ? or * to list all spells.
You can't see any susceptible monsters within range! (Use Z to cast anyway.)
Casting: Magic Dart (safe; 1% risk of failure)
Confirm with . or Enter, or press ? or * to list all spells.
You can't see any susceptible monsters within range! (Use Z to cast anyway.)
Found a hammer.
Found a runed translucent door.
Crazy Yiuf shouts!
Crazy Yiuf grits, "Powder!"
Casting: Magic Dart (safe; 1% risk of failure)
Confirm with . or Enter, or press ? or * to list all spells.
Okay, then.
Casting: Magic Dart (safe; 1% risk of failure)
Confirm with . or Enter, or press ? or * to list all spells.
Okay, then.
You open the door.
Casting: Magic Dart (safe; 1% risk of failure)
Confirm with . or Enter, or press ? or * to list all spells.
Aiming: Searing Ray (safe; 1% risk of failure)
Press: ? - help, Shift-Dir - straight line, f - Crazy Yiuf
Aim: Crazy Yiuf, wielding a +4 quarterstaff of chaos and wearing a +0 cloak (83% to hit)
The searing ray hits Crazy Yiuf.
Crazy Yiuf is lightly wounded. (Press . to maintain the ray.) Crazy Yiuf hits you with a +4 quarterstaff of chaos!!
Ouch! That really hurt!
The searing ray hits Crazy Yiuf!
Crazy Yiuf is heavily wounded.
Crazy Yiuf hits you with a +4 quarterstaff of chaos!
* * * LOW HITPOINT WARNING * * *
You feel very mighty all of a sudden.
The searing ray misses Crazy Yiuf.
Crazy Yiuf hits you with a +4 quarterstaff of chaos!
* * * LOW HITPOINT WARNING * * *
You are lethally poisoned!
It was a potion of resistance.
You feel protected.
* * * LOW HITPOINT WARNING * * *
You feel very sick.
Crazy Yiuf hits you with a +4 quarterstaff of chaos.
You die...

####♣♣ ### ##..+.♣♣
♣♣#..)#
#......♣♣♣♣@g...#
#.......♣..♣#...#
#...+..♣.♣♣♣ ###
##.##♣♣♣♣♣ .. #.# ...
#.################...
#.............#.....
###########...........
#......##....


You could see Crazy Yiuf.

Vanquished Creatures
  3 orc priests
  4 orc wizards
  3 adders
  2 dart slugs (D:1)
  14 orcs
  17 ball pythons
  5 endoplasms
  8 goblins
  7 hobgoblins
  2 jackals (D:2)
  5 quokkas
  2 bats
  6 frilled lizards
  5 kobolds
  4 rats
87 creatures vanquished.

Vanquished Creatures (others)
  An orc wizard (D:3)
1 creature vanquished.

Grand Total: 88 creatures vanquished

Notes
Turn   | Place    | Note
-------+----------+-------------------------------------------
     0 | D:1      | Moonkey the Deep Elf Conjurer began the quest for the Orb.
     0 | D:1      | Reached XP level 1. HP: 10/10 MP: 6/6
   183 | D:1      | Reached XP level 2. HP: 16/16 MP: 4/8
   288 | D:1      | Learned a level 2 spell: Searing Ray
   727 | D:1      | Reached skill level 1 in Fighting
   727 | D:1      | Reached XP level 3. HP: 20/20 MP: 7/10
  1490 | D:2      | Found a basalt altar of Yredelemnul.
  2167 | D:3      | Reached XP level 4. HP: 25/25 MP: 9/11
  2218 | D:3      | Found an iron altar of Okawaru.
  2400 | D:3      | Reached skill level 5 in Conjurations
  2609 | D:3      | Reached XP level 5. HP: 30/30 MP: 9/13
  2655 | D:3      | Learned a level 4 spell: Iskenderun's Mystic Blast
  2898 | D:3      | Reached skill level 1 in Translocations
  3019 | D:3      | Found a hide-covered altar of Uskayaw.
  3638 | D:4      | Reached XP level 6. HP: 30/35 MP: 6/15
  3744 | D:4      | Reached skill level 1 in Summonings
  3895 | D:4      | Found a runed translucent door.
  3896 | D:4      | Noticed Crazy Yiuf
  3903 | D:4      | HP: 1/35 [poisoned by Crazy Yiuf]
  3903 | D:4      | Slain by Crazy Yiuf

Illustrated notes

Levels and vault maps discovered:
D:1:      wander_arrival_estate, layout_basic
D:2:      layout_rooms, basic_altar, chequers_serial_rivers_micro_a,
          serial_park_tiny_1, minmay_misc_feat_hallway
D:3:      layout_loops_ring, mainiacjoe_overflow_concentric_impassable,
          okawaru_metal_pillars_1_2, serial_bayou_lake_a
D:4:      layout_cave_pools, grunt_temple_overflow_diamond, serial_bayou,
          serial_bayou_pond_c, serial_bayou_pond_d, serial_bayou_ford_a,
          serial_bayou_lagoon_a, serial_shops, shop, uniq_crazy_yiuf_cottage

Skill      XL: |  1  2  3  4  5  6 |
---------------+-------------------+-----
Fighting       | 1 2 |  2.1
Stealth        | 3 |  3.7
Dodging        | 3 |  3.4
Spellcasting   | 4 |  4.8
Conjurations   | 5 |  5.5
Translocations | 1 |  1.5
Summonings     | 1 |  1.0

Action                     |  1- 3 |  4- 6 || total
---------------------------+-------+-------++-------
   Cast: Magic Dart        |    82 |   108 ||   190
         Searing Ray       |       |     7 ||     7
    Use: Potion            |       |     1 ||     1
 Armour: Robe              |     2 |    22 ||    24
  Dodge: Dodged            |     2 |    19 ||    21

Table legend: (Time is in decaauts)
 A = Elapsed time spent in this place.
 B = Non-inter-level travel time spent in this place.
 C = Inter-level travel time spent in this place.
 D = Time resting spent in this place.
 E = Time spent auto-exploring this place.
 F = Levels seen in this place.
 G = Mean time per level.
                   A        B        C        D        E       F      G
               +--------+--------+--------+--------+--------+-----+--------+
         Total |   3924 |   3788 |    136 |   1210 |   2066 |   4 |  981.0 |
       Dungeon |   3924 |   3788 |    136 |   1210 |   2066 |   4 |  981.0 |
               +--------+--------+--------+--------+--------+-----+--------+

Top non-repeatable levels by time:
     D:3: 1510 daAuts
     D:1: 1304 daAuts
     D:2: 720 daAuts
     D:4: 390 daAuts
